 Dungeon Crawl Stone Soup version 0.24-a0-280-g7cec4da (webtiles) character file.

Game seed: 6189467863098144234

636 HallandMoats the Skirmisher (level 7, -7/59 HPs)
             Began as a Demonspawn Monk on May 14, 2019.
             Was a Believer of Okawaru.
             Mangled by an orc warrior
             ... wielding a +1 hand axe of freezing
              (15 damage)
             ... on level 5 of the Dungeon.
             The game lasted 00:07:09 (5043 turns).

HallandMoats the Skirmisher (Demonspawn Monk)       Turns: 5043, Time: 00:07:10

Health: -7/59      AC: 12    Str: 14    XL:     7   Next: 25%
Magic:  6/8        EV: 16    Int: 11    God:    Okawaru [**....]
Gold:   192        SH:  0    Dex: 15    Spells: 6/6 levels left

rFire    + + .     SeeInvis .   a - +0 falchion (freeze)
rCold    . . .     Gourm    .   (no shield)
rNeg     . . .     Faith    .   k - +0 ring mail
rPois    .         Spirit   .   r - +0 helmet
rElec    .         Reflect  .   (no cloak)
rCorr    .         Harm     .   i - +2 pair of gloves
MR       +....                  (no boots)
Stlth    +++.......             (no amulet)
HPRegen  0.19/turn              h - ring of protection from fire
MPRegen  0.11/turn              t - ring of protection from magic

@: heroism
A: rugged brown scales 1, fire resistance 1, spiny 1
a: Heroism, Renounce Religion


You were on level 5 of the Dungeon.
You worshipped Okawaru.
Okawaru was pleased with you.
You were not hungry.

You visited 1 branch of the dungeon, and saw 6 of its levels.
You also visited: Sewer.

You collected 192 gold pieces.

Inventory:

Hand Weapons
 a - a +0 falchion of freezing (weapon)
Missiles
 q - 2 throwing nets (quivered)
Armour
 i - a +2 pair of gloves (worn)
 k - a +0 ring mail (worn)
 r - a +0 helmet (worn)
Jewellery
 h - a ring of protection from fire (left hand)
 n - a +3 ring of dexterity
 t - a ring of protection from magic (right hand)
 w - an uncursed ring of wizardry {unknown}
Wands
 o - a wand of polymorph (8)
Scrolls
 b - a scroll of magic mapping {unknown}
 g - a scroll of noise {unknown}
 l - 3 scrolls of fog
 p - 4 scrolls of remove curse
 u - 3 scrolls of teleportation {unknown}
 v - a scroll of enchant armour {unknown}
 x - a scroll of identify
 y - a scroll of amnesia {unknown}
 B - a scroll of acquirement {unknown}
Potions
 d - a potion of cancellation {unknown}
 e - 2 potions of lignification {unknown}
 f - 2 potions of flight {unknown}
 j - 3 potions of curing {unknown}
 m - a potion of haste
 s - a potion of resistance {unknown}
 A - a potion of might {unknown}
 C - a potion of degeneration {unknown}
 D - 2 potions of brilliance {unknown}
Comestibles
 c - 10 rations


   Skills:
 * Level 6.2(11.2) Fighting
 - Level 2.6(7.6) Long Blades
 + Level 3.2(8.2) Armour
 + Level 4.3(9.3) Dodging
 - Level 1.7(6.7) Stealth
 * Level 1.7 Invocations


You had 6 spell levels left.
You didn't know any spells.
Your spell library contained the following spells:

 Spells                   Type           Power        Failure   Level  Hunger
 Magic Dart               Conj           #...         54%         1    ##.....
 Blink                    Tloc           N/A          67%         2    ###....
 Call Imp                 Summ           #.......     67%         2    ###....
 Slow                     Hex            #.......     67%         2    ###....
 Conjure Flame            Conj/Fire      #.......     88%         3    ####...
 Mephitic Cloud           Conj/Pois/Air  #.......     88%         3    ####...


Dungeon Overview and Level Annotations

Branches:
Dungeon (6/15)
 Temple: D:4-7

Altars:
Cheibriados
Kikubaaqudgha
Okawaru
Sif Muna
Uskayaw
Vehumet
Wu Jian

Shops:
D:5 %


Innate Abilities, Weirdness & Mutations

You are partially covered in rugged brown scales. (AC +1, +3% HP)
Your flesh is heat resistant. (rF+)
You are partially covered in sharp spines.


Message History

The orc warrior is heavily wounded.
The orc warrior is struck by your spines.
The orc warrior hits you with a +1 hand axe of freezing!
The orc warrior freezes you.
You hit the orc warrior. You freeze the orc warrior.
The orc warrior is severely wounded.
The orc warrior hits you with a +1 hand axe of freezing!
* * * LOW HITPOINT WARNING * * *
The orc warrior freezes you.
* * * LOW HITPOINT WARNING * * *
You closely miss the orc warrior.
The orc warrior is severely wounded.
The orc warrior completely misses you.
You riposte.
You hit the orc warrior. You freeze the orc warrior.
The orc warrior is severely wounded.
There is an open door, spattered with blood here.
Okay, then.
You gain the combat prowess of a mighty hero.
The orc warrior hits you with a +1 hand axe of freezing!
You die...

8.≈≈≈.......###...####..#.#.#.#..
_8...)......##.....##..#...#...#.
8.≈≈≈.......###..<##..#.#.#.#.#.#
..≈g≈.......# ##.##..#...#.#.#...
#####......## #.#..#.#.#.#.#.#.#
#.###### #.#.#...#...#.).#. #.#
#.'..#.#.#.#.#.#.# #.#
#o'...#.#.#.#.#.#. #8#
#@'..#.#.#.#.#.#.# ####.####
#.#.#...#...#...#. #.8.∩.8.#
#.#..#.#.#.#.#.#.# #.##.#..#
#.##..#...#.#.#... #.##8#.####
#.###..#.#.#.#.#.# #.........#
##.####..#...#...#. #.#######.#
##...####..#.#.#.#.. #.#
#.###.......##..#...#..# #.#
#........###.##.......##


You could see an orc warrior.

Vanquished Creatures
  Purgy (Sewer)
  A centaur (D:5)
  2 scorpions
  A jelly (D:5)
  A centaur skeleton (D:4)
  A bullfrog skeleton (D:5)
  3 worker ants
  A howler monkey skeleton (D:5)
  9 adders
  An ooze (D:2)
  An adder skeleton (D:5)
  3 worms
  A dart slug (D:1)
  4 leopard geckos
  6 orcs
  3 ball pythons
  5 giant cockroaches
  9 goblins
  3 hobgoblins
  4 jackals
  3 quokkas
  6 bats
  7 frilled lizards
  9 kobolds
  13 rats
98 creatures vanquished.

Notes
Turn   | Place    | Note
-------+----------+-------------------------------------------
     0 | D:1      | HallandMoats the Demonspawn Monk began the quest for the
                  | Orb.
     0 | D:1      | Reached XP level 1. HP: 18/18 MP: 1/1
   327 | D:1      | Gained mutation: You are partially covered in sharp spines.
                  | [demonic ancestry]
   327 | D:1      | Reached XP level 2. HP: 24/24 MP: 2/2
   864 | D:2      | Reached skill level 1 in Armour
   864 | D:2      | Gained mutation: Your flesh is heat resistant. (rF+)
                  | [demonic ancestry]
   864 | D:2      | Reached XP level 3. HP: 30/30 MP: 3/3
   990 | D:2      | Reached skill level 4 in Fighting
  1015 | D:2      | Reached XP level 4. HP: 34/37 MP: 4/4
  1864 | D:3      | Found a hide-covered altar of Uskayaw.
  1950 | D:3      | Found a glowing drain.
  1974 | Sewer    | Entered a sewer
  2022 | Sewer    | Noticed Purgy
  2044 | Sewer    | Killed Purgy
  2044 | Sewer    | Reached skill level 5 in Fighting
  2044 | Sewer    | Gained mutation: You are partially covered in rugged brown
                  | scales. (AC +1, +3% HP) [demonic ancestry]
  2044 | Sewer    | Reached XP level 5. HP: 25/45 MP: 5/5
  2690 | D:4      | Reached XP level 6. HP: 23/52 MP: 6/6
  3096 | D:4      | Found a snail-covered altar of Cheibriados.
  3096 | D:4      | Found an ancient bone altar of Kikubaaqudgha.
  3096 | D:4      | Found a radiant altar of Vehumet.
  3579 | D:5      | Entered Level 5 of the Dungeon
  4163 | D:5      | Reached skill level 6 in Fighting
  4355 | D:5      | Found an iron altar of Okawaru.
  4368 | D:5      | Became a worshipper of Warmaster Okawaru
  4368 | D:5      | Reached * piety under Okawaru
  4368 | D:5      | Reached ** piety under Okawaru
  4503 | D:5      | Found Feugac's Food Boutique.
  4527 | D:5      | Reached XP level 7. HP: 56/59 MP: 7/7
  4603 | D:5      | Found a deep blue altar of Sif Muna.
  4792 | D:5      | Reached skill level 1 in Invocations
  4853 | D:5      | Found an ornate altar of the Wu Jian Council.
  5043 | D:5      | Mangled by an orc warrior

Levels and vault maps discovered:
D:1:      eino_arrival_water_cross, layout_basic
D:2:      layout_basic, item_on_display_a
D:3:      layout_rooms, lemuel_doored_altar, cheibrodos_sewer_entry_bend
D:4:      layout_cave_pools, gammafunk_temple_overflow_forgotten
D:5:      layout_loops_corners, kennysheep_mini, kennysheep_okawaru_gauntlet,
          led_sif_pool, first_ration, serial_shops, nicolae_shop_statue_plus,
          dk_noncrumbling_3, kennysheep_cluttered_room
D:6:      layout_cave_pools, lemuel_coloured_pillars_altar, uniq_prince_ribbit1

Skill      XL: |  1  2  3  4  5  6  7 |
---------------+----------------------+-----
Dodging        | 3 4 |  4.3
Armour         | 1 2 3 |  3.2
Fighting       | 4 5 6 |  6.2
Invocations    | 1 |  1.7
Long Blades    | |  2.6
Stealth        | |  1.7

Action                   |  1- 3 |  4- 6 |  7- 9 || total
-------------------------+-------+-------+-------++-------
Melee: Falchion          |    61 |   164 |    23 ||   248
Invok: Heroism           |       |       |     1 ||     1
  Use: Scroll            |       |     6 |       ||     6
       Potion            |       |     1 |       ||     1
 Stab: Sleeping          |     4 |     1 |       ||     5
  Eat: Chunk             |       |     5 |     1 ||     6
       Ration            |       |     2 |       ||     2
Armor: Robe              |     8 |       |       ||     8
       Ring mail         |    19 |    72 |    11 ||   102
Dodge: Dodged            |    43 |   130 |    15 ||   188
       Rpst.: Falchion   |    16 |    31 |     6 ||    53

Table legend:
 A = Non-vault XP
 B = Vault XP
 C = Vault XP percentage of total XP
 D = Non-vault monster count
 E = Vault monster count
 F = Vault count percentage of total count
                 A         B        C        D         E       F
            +---------+---------+-------+---------+---------+-------
      Total |     749 |     160 |  17.6 |      91 |       7 |   7.1
            +---------+---------+-------+---------+---------+-------
        D:1 |      34 |       0 |   0.0 |      23 |       0 |   0.0
        D:2 |      97 |       0 |   0.0 |      29 |       0 |   0.0
        D:3 |      64 |       5 |   7.2 |      18 |       1 |   5.3
        D:4 |     164 |       0 |   0.0 |       8 |       0 |   0.0
        D:5 |     371 |       0 |   0.0 |      11 |       0 |   0.0
        D:6 |      19 |       0 |   0.0 |       2 |       0 |   0.0
      Sewer |       0 |     155 | 100.0 |       0 |       6 | 100.0
            +---------+---------+-------+---------+---------+-------
